 Dungeon Crawl Stone Soup version 0.28.0-45-g0d030f2227 (webtiles) character file.

Game seed: 13070736313795428708

144 dohliylev the Ruffian (level 5, -3/49 HPs)
             Began as a Troll Warper on May 10, 2022.
             Succumbed to Edmund's poison
             ... on level 4 of the Dungeon.
             The game lasted 00:05:18 (2042 turns).

dohliylev the Ruffian (Troll Warper)                Turns: 2042, Time: 00:05:18

Health: -3/49      AC:  5    Str: 21    XL:     5   Next: 5%
Magic:  6/6        EV: 10    Int:  9    God:
Gold:   57         SH:  0    Dex:  9    Spells: 4/6 levels left

rFire   . . .      SeeInvis .     - Unarmed
rCold   . . .      Faith    .   (no shield)
rNeg    . . .      Spirit   .   a - +0 robe
rPois   .          Reflect  .   (helmet restricted)
rElec   .          Harm     .   m - +0 cloak
rCorr   .          Rampage  .   (gloves unavailable)
Will    .....                   (boots unavailable)
Stlth   +.........              (no amulet)
HPRegen 0.96/turn               (no ring)
MPRegen 0.10/turn               (no ring)

@: lethally poisoned (-3 -> -15)
A: large, unfitting armour, claws 3, regeneration 1, shaggy fur 1, tough skin 1
a: no special abilities


You were on level 4 of the Dungeon.
You visited 1 branch of the dungeon, and saw 4 of its levels.

You collected 57 gold pieces.

Inventory:

Missiles
 c - 5 boomerangs of dispersal (quivered)
Armour
 a - a +0 robe (worn)
 m - a +0 cloak (worn)
Scrolls
 b - a scroll of blinking
 e - 2 scrolls of fear {unknown}
 f - a scroll of amnesia {unknown}
 g - 4 scrolls of identify {unknown}
 h - a scroll of vulnerability {unknown}
 i - a scroll of acquirement {unknown}
 k - a scroll of enchant weapon {unknown}
 n - 2 scrolls of fog {unknown}
Potions
 d - a potion of degeneration {unknown}
 j - a potion of lignification {unknown}
 l - 2 potions of curing


   Skills:
 * Level 2.2 Fighting
 + Level 0.8 Throwing
 + Level 2.6 Dodging
 + Level 3.6 Unarmed Combat
 + Level 1.4 Spellcasting
 + Level 2.5 Translocations


You had 4 spell levels left.
You knew the following spells:

 Your Spells              Type           Power      Damage    Failure   Level
a - Blink                 Tloc           10%        N/A       19%         2

Your spell library contained the following spells:

 Spells                   Type           Power      Damage    Failure   Level
 Gell's Gravitas          Tloc           5%         N/A       36%         3
 Lesser Beckoning         Tloc           5%         N/A       36%         3
 Teleport Other           Tloc           5%         N/A       36%         3
 Ensorcelled Hibernation  Hex/Ice        0%         N/A       47%         2
 Spider Form              Tmut/Pois      0%         N/A       71%         3
 Anguish                  Hex/Necr       0%         N/A       98%         4
 Manifold Assault         Tloc           5%         N/A       98%         5


Dungeon Overview and Level Annotations

Branches:
Dungeon (4/15)
 Temple: D:4-7

Altars:
Hepliaklqana

Annotations:
D:4 Edmund, Pikel


Innate Abilities, Weirdness & Mutations

You are too large for most types of armour.
You have claws for hands.
Your natural rate of healing is unusually fast.
You are covered in fur. (AC +1)
You have tough skin. (AC +1)


Message History

Edmund says, "People think my brother is the best.
I think he's crazy."
Edmund barely misses you.
You scratch Edmund but do no damage. You scratch Edmund.
Edmund is lightly wounded.
Edmund barely misses you.
You scratch Edmund.
Edmund is lightly wounded.
Edmund hits you with a +3 flail of venom!
You are poisoned.
You closely miss Edmund.
Edmund is lightly wounded.
You feel sick.
Edmund hits you with a +3 flail of venom!
You are more poisoned.
You scratch Edmund. Your claw misses Edmund.
Edmund is moderately wounded.
You feel very sick. Edmund barely misses you.
The rat bites you but does no damage.
You scratch Edmund.
Edmund is moderately wounded.
You feel very sick.
Edmund hits you with a +3 flail of venom.
The rat barely misses you.
You closely miss Edmund.
Edmund is moderately wounded.
You feel sick.
Edmund hits you with a +3 flail of venom!
* * * LOW HITPOINT WARNING * * *
The rat barely misses you.
Okay, then.
Pikel and 3 lemures come into view.
Pikel is wielding a +2 whip of flaming.
You feel very sick.
The lemure shouts! x3; You hear a shout!
The lemure moves out of view.
You feel sick.
Edmund hits you with a +3 flail of venom.
* * * LOW HITPOINT WARNING * * *
You are more poisoned.
You die...

.... ...####
##..... #...#
#<..# #...###..
.######r@......#
.55K.5....######
###.###.@.#
##.## ..# .#.#
#.#.# . ..# ##
###


You could see Edmund, Pikel, 3 lemures and a rat.

Vanquished Creatures
  An orc priest (D:3)
  Crazy Yiuf (D:2)
  An adder (D:2)
  A worm (D:3)
  4 orcs (D:3)
  5 bats
  4 endoplasms
  16 giant cockroaches
  5 goblins
  7 hobgoblins
  3 jackals (D:2)
  2 kobolds
  7 ball pythons
  3 frilled lizards
  5 rats
65 creatures vanquished.

Notes
Turn   | Place    | Note
-------+----------+-------------------------------------------
     0 | D:1      | dohliylev the Troll Warper began the quest for the Orb.
     0 | D:1      | Reached XP level 1. HP: 19/19 MP: 1/1
   198 | D:1      | Reached XP level 2. HP: 25/27 MP: 3/3
   343 | D:1      | Learned a level 2 spell: Blink
   578 | D:2      | Reached XP level 3. HP: 35/35 MP: 4/4
   650 | D:2      | Identified the +8 whip of Wu Jian's Displeasure {drain,
                  | rElec rPois Int+2 Dex-5}
   805 | D:2      | Found a runed translucent door.
   806 | D:2      | Noticed Crazy Yiuf
  1051 | D:2      | Reached skill level 3 in Unarmed Combat
  1124 | D:2      | Reached XP level 4. HP: 41/42 MP: 5/5
  1342 | D:2      | Killed Crazy Yiuf
  1578 | D:3      | Found a hazy altar of Hepliaklqana.
  1672 | D:3      | Found a faded altar of an unknown god.
  1680 | D:3      | Reached XP level 5. HP: 34/49 MP: 6/6
  2030 | D:4      | Noticed Edmund
  2040 | D:4      | Noticed Pikel
  2040 | D:4      | Noticed a lemure
  2040 | D:4      | Noticed a lemure
  2040 | D:4      | Noticed a lemure
  2041 | D:4      | HP: 1/49 [Edmund/+3 flail of venom (5)]
  2042 | D:4      | Succumbed to Edmund's poison

Illustrated notes

Levels and vault maps discovered:
D:1:      beargit_arrival_greenhouse, layout_loops_ring
D:2:      minmay_roachtagon, layout_basic, minmay_misc_feat_secret_circle,
          nicolae_concentric_dashed_squares_wild, uniq_crazy_yiuf_cottage
D:3:      layout_rooms, mainiacjoe_overflow_concentric_impassable,
          shapermc_ecumenical_altar_starsandcircs, kennysheep_donut,
          chequers_serial_rivers_micro_e
D:4:      layout_loops_cross, gup_ossuary_entry_pyramid, portal_sewer_entry_a,
          uniq_blork_the_orc, uniq_pikel, uniq_edmund

Skill      XL: |  1  2  3 |
---------------+----------+-----
Dodging        | 2 |  2.6
Fighting       | 2 |  2.2
Unarmed Combat | 3 |  3.6
Throwing       | |  0.8
Spellcasting   | |  1.4
Translocations | |  2.5

Action                   |  1- 3 |  4- 6 || total
-------------------------+-------+-------++-------
Melee: Unarmed           |   139 |    54 ||   193
       Punch             |     2 |     1 ||     3
Armor: Robe              |    55 |    10 ||    65
Dodge: Dodged            |    79 |    29 ||   108
